 Dungeon Crawl Stone Soup version 0.31-a0-263-ge8cad7f256 (webtiles) character file.

Game seed: 3078458591408805227

44 qw the Shooter (level 3, 0/21 HPs)
             Began as a Gargoyle Hexslinger on July 13, 2023.
             Slain by a black bear (5 damage)
             ... on level 2 of the Dungeon.
             The game lasted 00:00:21 (1160 turns).

qw the Shooter (Gargoyle Hexslinger)                Turns: 1160, Time: 00:00:22

Health: 0/21       AC:  5    Str: 11    XL:     3   Next: 60%
Magic:  4/4        EV: 12    Int: 13    God:
Gold:   93         SH:  0    Dex: 14    Spells: 3/4 levels left

rFire   . . .        Y - +1 sling
rCold   . . .        (no shield)
rNeg    + . .        c - +0 robe
rPois   inf          (no helmet)
rElec   +            (no cloak)
rCorr   .            (no gloves)
SInv    .            (no boots)
Will    .....        (no amulet)
Stlth   +            (no ring)
HPRegen 0.23/turn    (no ring)
MPRegen 0.09/turn

%: no passive effects
@: no status effects
A: sickness immunity, AC +3, negative energy resistance 1, electricity
resistance, torment resistance 1, petrification resistance
a: no special abilities


You were on level 2 of the Dungeon.
You visited 1 branch of the dungeon, and saw 2 of its levels.

You collected 93 gold pieces.


Innate Abilities, Weirdness & Mutations

You are immune to sickness and miasma.
Your stone body is resilient. (AC +3)
You are immune to poison.
You resist negative energy. (rN+)
You are resistant to electric shocks. (rElec)
You are resistant to unholy torment.
You are immune to petrification.


   Skills:
 - Level 2.0 Fighting
 + Level 3.5 Ranged Weapons
 - Level 1.5 Dodging
 - Level 1.0 Spellcasting
 - Level 2.6 Hexes


You had 3 spell levels left.
You knew the following spells:

 Your Spells              Type           Power      Damage    Failure   Level
a - Slow                  Hex            28%        N/A       10%         1

Your spell library contained the following spells:

 Spells                   Type           Power      Damage    Failure   Level
 Inner Flame              Hex/Fire       4%         N/A       43%         3
 Portal Projectile        Hex/Tloc       8%         N/A       43%         3
 Cause Fear               Hex            3%         N/A       67%         4

Inventory:

Hand Weapons
 Y - a +1 sling (weapon)
Armour
 c - a +0 robe (worn)
Scrolls
 a - 2 scrolls of identify
Potions
 b - a potion of brilliance {unknown}
 d - a potion of enlightenment {unknown}
 g - a potion of heal wounds {unknown}
 h - a potion of resistance {unknown}

Dungeon Overview and Level Annotations

Branches:
Dungeon (2/15)

Altars:

Shops:
D:2 =


Message History

Enter note:
Enter note:
Enter note:
Enter note:
Enter note:
Enter note: You shoot a sling bullet.
The black bear growls angrily.
The sling bullet hits the black bear.
The black bear is moderately wounded.
You shoot a sling bullet. The sling bullet hits the black bear.
The black bear is moderately wounded.
You shoot a sling bullet.
The sling bullet closely misses the black bear.
You shoot a sling bullet. The sling bullet hits the black bear.
The black bear is heavily wounded.
The black bear misses you.
The black bear claws you but does no damage.
The black bear claws you.
You shoot a sling bullet.
The sling bullet barely misses the black bear.
The black bear closely misses you. The black bear claws you.
The black bear closely misses you.
You shoot a sling bullet.
The sling bullet barely misses the black bear.
The black bear closely misses you. The black bear claws you.
The black bear barely misses you.
You shoot a sling bullet. The sling bullet hits the black bear.
The black bear is heavily wounded.
The black bear bites you! The black bear barely misses you.
The black bear claws you.
You shoot a sling bullet. The sling bullet hits the black bear.
The black bear is severely wounded.
The black bear goes berserk!
You shoot a sling bullet.
The sling bullet barely misses the black bear.
The black bear barely misses you. The black bear closely misses you.
The black bear misses you. The black bear closely misses you.
The black bear claws you. x2
You die...

### .... .....
.)....###########
......h@........#
.....##########.#
... #.# . #.# #.#
#.# #.# #.# #.#


You could see a black bear (berserk).

Vanquished Creatures
  2 adders (D:2)
  2 endoplasms (D:1)
  A giant cockroach (D:2)
  3 goblins (D:2)
  3 hobgoblins
  4 kobolds
  3 quokkas
  A ball python (D:1)
  4 bats
23 creatures vanquished.

Notes
Turn   | Place    | Note
-------+----------+-------------------------------------------
     0 | D:1      | qw the Gargoyle Hexslinger began the quest for the Orb.
     0 | D:1      | Reached XP level 1. HP: 12/12 MP: 2/2
     0 | D:1      | 0 ||| qw: Version: 0.3-a-52-g30416fa
     0 | D:1      | 0 ||| qw: Game counter: 7276
     0 | D:1      | 0 ||| qw: Melee chars always use a shield: true
     0 | D:1      | 0 ||| qw: God list: Okawaru
     0 | D:1      | 0 ||| qw: Allow faded altars: false
     0 | D:1      | 0 ||| qw: Do Orc after clearing Dungeon:15 true
     0 | D:1      | 0 ||| qw: Do second Lair branch before Depths: true
     0 | D:1      | 0 ||| qw: Lair rune preference: random
     0 | D:1      | 0 ||| qw: Goals: Normal
     0 | D:1      | 0 ||| PLANNING D:1-11
   314 | D:1      | You fall into a shaft and drop 1 floor!
   321 | D:2      | Reached XP level 2. HP: 16/16 MP: 3/3
   371 | D:2      | Reached skill level 3 in Ranged Weapons
   422 | D:2      | 422 ||| READING scroll labelled INU UMEUNULYRECIE.
   423 | D:2      | 423 ||| READING scroll labelled RAIPAA MIPTIU.
   424 | D:2      | 424 ||| READING scroll labelled XOURERAYDU.
   525 | D:2      | 525 ||| DROPPING scroll of poison.
   896 | D:2      | Reached XP level 3. HP: 21/21 MP: 4/4
  1027 | D:2      | Found Hyolli's Jewellery Shoppe.
  1039 | D:2      | 1039 ||| SHOPLISTING +4 ring of slaying (858 gold, have
                  | 93).
  1039 | D:2      | 1039 ||| SHOPLISTING amulet of regeneration (330 gold, have
                  | 93).
  1039 | D:2      | 1039 ||| SHOPLISTING ring of fire (275 gold, have 93).
  1039 | D:2      | 1039 ||| SHOPLISTING ring of ice (275 gold, have 93).
  1039 | D:2      | 1039 ||| SHOPLISTING ring of protection from cold (275
                  | gold, have 93).
  1151 | D:2      | Noticed a black bear
  1160 | D:2      | HP: 5/21 [black bear (2)]
  1160 | D:2      | Slain by a black bear

Levels and vault maps discovered:
D:1:      elethiomel_arrival_infinity_welcomes_careful_drivers, layout_basic,
          hangedman_decor_push
D:2:      layout_basic, serial_shops, nicolae_shop_crystal,
          chequers_ecumenical_altar_simple, lightli_corner_chamber

Skill      XL: |  1  2  3 |
---------------+----------+-----
Ranged Weapons | 3 |  3.5
Fighting       | 2 |  2.0
Dodging        | |  1.5
Spellcasting   | |  1.0
Hexes          | |  2.6

Action                     || total
---------------------------++-------
   Fire: Sling             ||    69
    Use: Scroll            ||     3
 Armour: Robe              ||     7
  Dodge: Dodged            ||    15

Table legend:
 A = Non-vault XP
 B = Vault XP
 C = Vault XP percentage of total XP
 D = Non-vault monster count
 E = Vault monster count
 F = Vault count percentage of total count
                 A         B        C        D         E       F
            +---------+---------+-------+---------+---------+-------
      Total |      63 |       0 |   0.0 |      23 |       0 |   0.0
            +---------+---------+-------+---------+---------+-------
        D:1 |      17 |       0 |   0.0 |      10 |       0 |   0.0
        D:2 |      46 |       0 |   0.0 |      13 |       0 |   0.0
            +---------+---------+-------+---------+---------+-------
